TOP OF THE 1ST |
Springfield Shooters batting - Pitching for Northville Eclipse : RHP Edwin Meadows
|
Pitching: RHP Edwin Meadows
|
|
Batting: RHB Shi-xian Zhào
|
0-0: Ball 1-0: Bunt missed! 1-1: Foul Ball, location: 2F 1-2: Foul Ball, location: 2F 1-2: Foul Ball, location: 2F 1-2: Strikes out swinging
|
Batting: RHB Gabriel Luzuriaga
|
0-0: Called Strike 0-1: Ground out 5-3 (Groundball, 5, EV 103.1 MPH)
|
Batting: LHB Adam Lee
|
0-0: Ball 1-0: Foul Ball, location: 2F 1-1: Called Strike 1-2: Strikes out looking
|
Top of the 1st over - 0 runs, 0 hits, 0 errors, 0 left on base; Springfield 0 - Northville 0 |
BOTTOM OF THE 1ST |
Northville Eclipse batting - Pitching for Springfield Shooters : RHP William Thompson
|
Pitching: RHP William Thompson
|
|
Batting: LHB Jorge Napolez
|
0-0: Ball 1-0: Ball 2-0: Called Strike 2-1: Ball 3-1: Base on Balls
|
Batting: RHB Daniel Marley
|
0-0: Called Strike 0-1: Swinging Strike 0-2: Ball 1-2: Foul Ball, location: 2F 1-2: Fly out, F9 (Flyball, 9LM, EV 98.1 MPH) Runner from 1st tags up, SAFE at 2nd
|
Batting: SHB Diego Alejandro Secada
|
0-0: Called Strike 0-1: Ball 1-1: Ball 2-1: Ball 3-1: Swinging Strike 3-2: Base on Balls
|
Batting: RHB Jesús Mancebo
|
0-0: Grounds into double play, 4-6-3 (Groundball, 4, EV 78.1 MPH)
|
Bottom of the 1st over - 0 runs, 0 hits, 0 errors, 1 left on base; Springfield 0 - Northville 0 |
TOP OF THE 2ND |
Springfield Shooters batting - Pitching for Northville Eclipse : RHP Edwin Meadows
|
Batting: LHB Ken Jackson
|
0-0: Ball 1-0: Called Strike 1-1: Ball 2-1: Called Strike 2-2: Ball 3-2: Strikes out swinging
|
Batting: RHB Bo Rajat
|
0-0: Ball 1-0: Foul Ball, location: 2F 1-1: Foul Ball, location: 2F 1-2: Ball 2-2: Ball 3-2: Fly out, F9 (Flyball, 89M, EV 81.9 MPH)
|
Batting: RHB Clay Myers
|
0-0: Fly out, F9 (Flyball, 9S, EV 89.4 MPH)
|
Top of the 2nd over - 0 runs, 0 hits, 0 errors, 0 left on base; Springfield 0 - Northville 0 |
BOTTOM OF THE 2ND |
Northville Eclipse batting - Pitching for Springfield Shooters : RHP William Thompson
|
Batting: SHB Javier Murillo
|
0-0: Ball 1-0: DOUBLE (Groundball, 5L, EV 100.0 MPH)
|
Batting: RHB Kuan Pi
|
0-0: Ball 1-0: Fly out, F8 (Flyball, 8LS, EV 94.4 MPH)
|
Batting: RHB Lex van Esch
|
0-0: Called Strike 0-1: Ground out 4-3 (Groundball, 4, EV 103.1 MPH) Javier Murillo to third
|
Batting: RHB Junji Ito
|
0-0: Ball 1-0: Ball 2-0: Ball 3-0: Foul Ball, location: 2F 3-1: Foul Ball, location: 2F 3-2: SINGLE (Line Drive, 8RS, EV 96.9 MPH) Javier Murillo scores
|
Batting: RHB Bastien Oudin
|
0-0: Ball Junji Ito steals 2nd base (no throw) 1-0: Called Strike 1-1: Ball 2-1: Ball 3-1: Base on Balls
|
Batting: LHB Jorge Napolez
|
0-0: Ball 1-0: Fly out, F9 (Flyball, 9, EV 71.2 MPH)
|
Bottom of the 2nd over - 1 run, 2 hits, 0 errors, 2 left on base; Springfield 0 - Northville 1 |
TOP OF THE 3RD |
Springfield Shooters batting - Pitching for Northville Eclipse : RHP Edwin Meadows
|
Batting: RHB Yasukazu Yano
|
0-0: Called Strike 0-1: Ball 1-1: Foul Ball, location: 2F 1-2: Strikes out swinging
|
Batting: RHB Freddie Butterworth
|
0-0: Called Strike 0-1: Ball 1-1: Called Strike 1-2: Foul Ball, location: 2F 1-2: Ball 2-2: Ground out U3 (Groundball, 3, EV 106.9 MPH)
|
Batting: RHB David Báez
|
0-0: Called Strike 0-1: Foul Ball, location: 2F 0-2: Strikes out swinging
|
Top of the 3rd over - 0 runs, 0 hits, 0 errors, 0 left on base; Springfield 0 - Northville 1 |
BOTTOM OF THE 3RD |
Northville Eclipse batting - Pitching for Springfield Shooters : RHP William Thompson
|
Batting: RHB Daniel Marley
|
0-0: Fly out, F2 (Popup, 2RF, EV 85.6 MPH)
|
Batting: SHB Diego Alejandro Secada
|
0-0: Ball 1-0: Ball 2-0: SINGLE (Line Drive, 4D, EV 110.0 MPH)
|
Batting: RHB Jesús Mancebo
|
0-0: Foul Ball, location: 2F 0-1: Fly out, F8 (Flyball, 8LM, EV 83.1 MPH)
|
Batting: SHB Javier Murillo
|
0-0: Ball 1-0: Called Strike 1-1: Ball 2-1: Ball 3-1: Fielders Choice at 2nd, 5-4 (Groundball, 5, EV 83.8 MPH)
|
Bottom of the 3rd over - 0 runs, 1 hit, 0 errors, 1 left on base; Springfield 0 - Northville 1 |
TOP OF THE 4TH |
Springfield Shooters batting - Pitching for Northville Eclipse : RHP Edwin Meadows
|
Batting: RHB Shi-xian Zhào
|
0-0: Ball 1-0: Ground out 5-3 (Groundball, 6S, EV 76.2 MPH)
|
Batting: RHB Gabriel Luzuriaga
|
0-0: Fly out, F4 (Popup, 4, EV 77.5 MPH)
|
Batting: LHB Adam Lee
|
0-0: Ball 1-0: Ball 2-0: Ground out 2-3 (Groundball, 15S, EV 63.8 MPH)
|
Top of the 4th over - 0 runs, 0 hits, 0 errors, 0 left on base; Springfield 0 - Northville 1 |
BOTTOM OF THE 4TH |
Northville Eclipse batting - Pitching for Springfield Shooters : RHP William Thompson
|
Batting: RHB Kuan Pi
|
0-0: Called Strike 0-1: Ball 1-1: Ball 2-1: Called Strike 2-2: Ball 3-2: DOUBLE (Flyball, 78XD, EV 106.9 MPH)
|
Batting: RHB Lex van Esch
|
0-0: Called Strike 0-1: Called Strike 0-2: Ball 1-2: Ground out 5-3 (Groundball, 56, EV 87.5 MPH)
|
Batting: RHB Junji Ito
|
0-0: Swinging Strike 0-1: Ball 1-1: Ball 2-1: Ball 3-1: Base on Balls
|
Batting: RHB Bastien Oudin
|
0-0: Foul Ball, location: 2F 0-1: Ball 1-1: Ball 2-1: Ground out 5-3 (Groundball, 5S, EV 84.4 MPH) Kuan Pi to third Junji Ito to second
|
Batting: LHB Jorge Napolez
|
0-0: Swinging Strike 0-1: Swinging Strike 0-2: SINGLE (Groundball, 56, EV 110.6 MPH) Kuan Pi scores Junji Ito to third Runner from 3rd tries for Home, SAFE, throw by LF to home
|
Batting: RHB Daniel Marley
|
0-0: Ball 1-0: SINGLE (Groundball, 6D, EV 104.4 MPH) Jorge Napolez to second
|
Batting: SHB Diego Alejandro Secada
|
0-0: Foul Ball, location: 2F 0-1: Swinging Strike 0-2: Foul Ball, location: 2F 0-2: Fly out, F8 (Flyball, 8RM, EV 86.9 MPH)
|
Bottom of the 4th over - 2 runs, 3 hits, 0 errors, 2 left on base; Springfield 0 - Northville 3 |
TOP OF THE 5TH |
Springfield Shooters batting - Pitching for Northville Eclipse : RHP Edwin Meadows
|
Batting: LHB Ken Jackson
|
0-0: Called Strike 0-1: Ball 1-1: SINGLE (Groundball, 34D, EV 101.2 MPH)
|
Batting: RHB Bo Rajat
|
0-0: Called Strike 0-1: Foul Ball, location: 2F 0-2: Strikes out looking
|
Batting: RHB Clay Myers
|
0-0: Ball 1-0: Foul Ball, location: 2F 1-1: Swinging Strike 1-2: Strikes out swinging
|
Batting: RHB Yasukazu Yano
|
0-0: Ball 1-0: SINGLE (Flyball, 7LS, EV 84.4 MPH) Ken Jackson to second
|
Batting: RHB Freddie Butterworth
|
0-0: DOUBLE (Line Drive, 9LM, EV 106.2 MPH) Ken Jackson scores Yasukazu Yano to third Runner from 3rd tries for Home, SAFE, no throw by RF
|
Batting: RHB David Báez
|
0-0: Ground out 6-3 (Groundball, 6, EV 81.2 MPH)
|
Top of the 5th over - 2 runs, 3 hits, 0 errors, 1 left on base; Springfield 2 - Northville 3 |
BOTTOM OF THE 5TH |
Northville Eclipse batting - Pitching for Springfield Shooters : RHP William Thompson
|
Batting: RHB Jesús Mancebo
|
0-0: Called Strike 0-1: Ball 1-1: Ball 2-1: Ball 3-1: Fly out, F7 (Flyball, 78S, EV 84.4 MPH)
|
Batting: SHB Javier Murillo
|
0-0: Called Strike 0-1: SINGLE (Groundball, 4MD, EV 95.6 MPH)
|
Batting: RHB Kuan Pi
|
0-0: Called Strike 0-1: Ball 1-1: Ball 2-1: Ball 3-1: Foul Ball, location: 2F 3-2: Fly out, F8 (Flyball, 78M, EV 95.0 MPH)
|
Pitching: LHP Vasquo Lousada
|
|
Batting: RHB Lex van Esch
|
0-0: Ball 1-0: Swinging Strike 1-1: SINGLE (Groundball, 34S, EV 86.2 MPH) (infield hit) Javier Murillo to second
|
Batting: RHB Junji Ito
|
0-0: Called Strike 0-1: Swinging Strike 0-2: Ball 1-2: Foul Ball, location: 2F 1-2: Strikes out swinging
|
Bottom of the 5th over - 0 runs, 2 hits, 0 errors, 2 left on base; Springfield 2 - Northville 3 |
TOP OF THE 6TH |
Springfield Shooters batting - Pitching for Northville Eclipse : RHP Edwin Meadows
|
Batting: RHB Shi-xian Zhào
|
0-0: Called Strike 0-1: Foul Ball, location: 2F 0-2: Ball 1-2: Ball 2-2: Strikes out swinging
|
Batting: RHB Gabriel Luzuriaga
|
0-0: Ball 1-0: Foul Ball, location: 2F 1-1: SINGLE (Groundball, 56D, EV 95.0 MPH)
|
Batting: LHB Adam Lee
|
0-0: Foul Ball, location: 2F 0-1: Foul Ball, location: 2F 0-2: Ball 1-2: Foul Ball, location: 2F 1-2: 2-RUN HOME RUN (Flyball, 89XD, EV 91.2 MPH), Distance : 464 ft
|
Batting: LHB Ken Jackson
|
0-0: Called Strike 0-1: Ball 1-1: Ball 2-1: Fly out, F8 (Flyball, 8LD, EV 96.9 MPH)
|
Batting: RHB Bo Rajat
|
0-0: Called Strike 0-1: Ball 1-1: Swinging Strike 1-2: Ball 2-2: Ball 3-2: SINGLE (Groundball, 6M, EV 110.6 MPH) (infield hit)
|
Batting: RHB Clay Myers
|
0-0: Ball Bo Rajat is caught stealing 2nd base 2-4
|
Top of the 6th over - 2 runs, 3 hits, 0 errors, 0 left on base; Springfield 4 - Northville 3 |
BOTTOM OF THE 6TH |
Northville Eclipse batting - Pitching for Springfield Shooters : LHP Vasquo Lousada
|
Batting: RHB Bastien Oudin
|
0-0: Ball 1-0: SINGLE (Groundball, 6MD, EV 96.2 MPH)
|
Batting: LHB Jorge Napolez
|
0-0: Foul Ball, location: 2F 0-1: Called Strike 0-2: Strikes out looking
|
Batting: RHB Daniel Marley
|
0-0: Foul Ball, location: 2F 0-1: SINGLE (Groundball, 56S, EV 68.1 MPH) (infield hit) Bastien Oudin to second
|
Batting: SHB Diego Alejandro Secada
|
0-0: Ball 1-0: Grounds into double play, 5-4-3 (Groundball, 5S, EV 88.1 MPH)
|
Bottom of the 6th over - 0 runs, 2 hits, 0 errors, 1 left on base; Springfield 4 - Northville 3 |
TOP OF THE 7TH |
Springfield Shooters batting - Pitching for Northville Eclipse : RHP Edwin Meadows
|
Batting: RHB Clay Myers
|
0-0: Foul Ball, location: 2F 0-1: Foul Ball, location: 2F 0-2: Foul Ball, location: 2F 0-2: Fly out, F8 (Flyball, 8LD, EV 90.0 MPH)
|
Batting: RHB Yasukazu Yano
|
0-0: Called Strike 0-1: Foul Ball, location: 2F 0-2: Fly out, F8 (Line Drive, 8LD, EV 85.6 MPH)
|
Batting: RHB Freddie Butterworth
|
0-0: Foul Ball, location: 2F 0-1: Ball 1-1: Swinging Strike 1-2: Strikes out looking
|
Top of the 7th over - 0 runs, 0 hits, 0 errors, 0 left on base; Springfield 4 - Northville 3 |
BOTTOM OF THE 7TH |
Northville Eclipse batting - Pitching for Springfield Shooters : LHP Vasquo Lousada
|
Batting: RHB Jesús Mancebo
|
0-0: Ball 1-0: Called Strike 1-1: Foul Ball, location: 2F 1-2: Strikes out swinging
|
Batting: SHB Javier Murillo
|
0-0: Ball 1-0: Called Strike 1-1: Swinging Strike 1-2: Ball 2-2: Ball 3-2: Ground out U3 (Groundball, 3S, EV 81.2 MPH)
|
Batting: RHB Kuan Pi
|
0-0: Foul Ball, location: 2F 0-1: Swinging Strike 0-2: Ball 1-2: Ball 2-2: Strikes out swinging
|
Bottom of the 7th over - 0 runs, 0 hits, 0 errors, 0 left on base; Springfield 4 - Northville 3 |
TOP OF THE 8TH |
Springfield Shooters batting - Pitching for Northville Eclipse : RHP Edwin Meadows
|
Batting: RHB David Báez
|
0-0: Ball 1-0: SINGLE (Groundball, 56D, EV 98.1 MPH)
|
Pitching: LHP Jake Mitchell
|
|
Batting: RHB Shi-xian Zhào
|
0-0: Sac Bunt to 15 - play at first, batter OUT! 1-4 David Báez to second
|
Batting: RHB Gabriel Luzuriaga
|
0-0: Fly out, F7 (Flyball, 7LMF, EV 94.4 MPH)
|
Batting: LHB Adam Lee
|
0-0: Ball 1-0: Ball 2-0: Called Strike 2-1: Ball 3-1: Ground out 4-3 (Groundball, 4, EV 90.6 MPH)
|
Top of the 8th over - 0 runs, 1 hit, 0 errors, 1 left on base; Springfield 4 - Northville 3 |
BOTTOM OF THE 8TH |
Northville Eclipse batting - Pitching for Springfield Shooters : LHP Vasquo Lousada
|
Pitching: RHP Da'wan Gaines
|
|
Now at SS: Jorge Pagán
|
|
Batting: RHB Lex van Esch
|
0-0: Swinging Strike 0-1: Ball 1-1: Called Strike 1-2: Foul Ball, location: 2F 1-2: Ball 2-2: Foul Ball, location: 2F 2-2: Ball 3-2: Ground out 5-3 (Groundball, 5, EV 97.5 MPH)
|
Batting: RHB Junji Ito
|
0-0: Ball 1-0: SINGLE (Groundball, 5D, EV 96.9 MPH)
|
Pinch Hitting: SHB Shing Li
|
0-0: Ball 1-0: Ball 2-0: Called Strike 2-1: Foul Ball, location: 2F 2-2: Ball 3-2: DOUBLE (Flyball, 8RXD, EV 100.6 MPH) Junji Ito to third
|
Batting: LHB Jorge Napolez
|
0-0: Foul Ball, location: 2F 0-1: Foul Ball, location: 2F 0-2: Strikes out swinging
|
Batting: RHB Daniel Marley
|
0-0: Ball 1-0: Called Strike 1-1: Ball 2-1: Foul Ball, location: 2F 2-2: Foul Ball, location: 2F 2-2: Foul Ball, location: 2F 2-2: Ball 3-2: Strikes out looking
|
Bottom of the 8th over - 0 runs, 2 hits, 0 errors, 2 left on base; Springfield 4 - Northville 3 |
TOP OF THE 9TH |
Springfield Shooters batting - Pitching for Northville Eclipse : LHP Jake Mitchell
|
Pitching: RHP Monte Evans
|
|
Now at SS: Javier López
|
|
Batting: LHB Ken Jackson
|
0-0: Called Strike 0-1: SINGLE (Groundball, 4D, EV 103.1 MPH)
|
Batting: RHB Bo Rajat
|
0-0: Ball 1-0: Swinging Strike 1-1: Ball 2-1: Foul Ball, location: 2F 2-2: Strikes out looking
|
Batting: RHB Clay Myers
|
0-0: Foul Ball, location: 2F 0-1: Swinging Strike 0-2: Ball 1-2: Ball 2-2: Strikes out looking
|
Batting: RHB Yasukazu Yano
|
0-0: Ball 1-0: Ball 2-0: Foul Ball, location: 2F 2-1: Called Strike 2-2: Ball 3-2: Strikes out swinging
|
Top of the 9th over - 0 runs, 1 hit, 0 errors, 1 left on base; Springfield 4 - Northville 3 |
BOTTOM OF THE 9TH |
Northville Eclipse batting - Pitching for Springfield Shooters : RHP Da'wan Gaines
|
Batting: SHB Diego Alejandro Secada
|
0-0: Swinging Strike 0-1: Ball 1-1: Ball 2-1: Ball 3-1: Ground out U3 (Groundball, 34, EV 108.1 MPH)
|
Batting: RHB Jesús Mancebo
|
0-0: Ground out 4-3 (Groundball, 4, EV 106.9 MPH)
|
Batting: SHB Javier Murillo
|
0-0: Called Strike 0-1: Swinging Strike 0-2: Ball 1-2: Ball 2-2: Foul Ball, location: 2F 2-2: Strikes out looking
|
Bottom of the 9th over - 0 runs, 0 hits, 0 errors, 0 left on base; Springfield 4 - Northville 3 |
|